 Dungeon Crawl Stone Soup version 0.32-a0-931-g5a2cda0630 (webtiles) character file.

Game seed: 2880067912360390496

585 ratmagoo the Cleaver (level 7, -3/57 HPs)
             Began as a Mountain Dwarf Fighter on Apr 13, 2024.
             Slain by a gnoll
             ... wielding a +3 whip of freezing
              (5 damage)
             ... on level 5 of the Dungeon on Apr 14, 2024.
             The game lasted 00:16:41 (4238 turns).

ratmagoo the Cleaver (Mountain Dwarf Fighter)       Turns: 4238, Time: 00:16:41

Health: -3/57      AC:  8    Str: 18    XL:     7   Next: 14%
Magic:  7/7        EV:  8    Int: 11    God:
Gold:   309        SH:  0    Dex:  9    Spells: 6/6 levels left

rFire   . . .        C - +2 executioner's axe (venom)
rCold   . . .        (shield currently unavailable)
rNeg    . . .        b - +0 scale mail
rPois   .            r - +0 helmet
rElec   .            (no cloak)
rCorr   +            (no gloves)
SInv    .            (no boots)
Will    .....        (no amulet) Stlth
                     w - ring of resist corrosion
HPRegen 0.29/turn    (no ring)
MPRegen 0.10/turn

%: no passive effects
@: studying 2 skills
A: runic magic, artefact enchanting
a: no special abilities


You were on level 5 of the Dungeon.
You visited 2 branches of the dungeon, and saw 6 of its levels.

You collected 309 gold pieces.

Inventory:

Hand Weapons
 a - a +0 war axe
 y - a +4 sling
 C - a +2 executioner's axe of venom (weapon)
Armour
 b - a +0 scale mail (worn)
 c - a +0 buckler
 r - a +0 helmet (worn)
 A - a +1 leather armour of fire resistance
Magical Staves
 f - a staff of air
Jewellery
 w - a ring of resist corrosion (left hand)
 B - a ring of magical power
Scrolls
 e - 2 scrolls of identify
 h - 2 scrolls of poison {unknown}
 k - 3 scrolls of fog {unknown}
 o - 2 scrolls of teleportation
 q - 2 scrolls of immolation {unknown}
 s - 3 scrolls of blinking {unknown}
 t - a scroll of vulnerability {unknown}
Potions
 d - a potion of might
 g - a potion of attraction
 i - a potion of enlightenment
 j - 3 potions of heal wounds
 l - a potion of invisibility
 m - 2 potions of curing
 n - 2 potions of degeneration
 p - 2 potions of mutation
 v - 2 potions of magic
 x - a potion of haste
 z - a potion of resistance


   Skills:
 - Level 3.2 Fighting
 + Level 9.4 Axes
 - Level 3.2 Armour
 - Level 3.2 Shields
 + Level 4.6 Summonings


You had 6 spell levels left.
You didn't know any spells.
Your spell library contained the following spells:

 Spells                   Type           Power      Damage    Failure   Level
 Apportation              Tloc           0%         N/A       43%         1
 Mercury Vapours          Alch/Air       0%         N/A       56%         2
 Mephitic Cloud           Conj/Alch/Air  0%         N/A       80%         3
 Teleport Other           Tloc           0%         N/A       80%         3
 Sticky Flame             Fire/Alch      0%         2d4       99%         4
 Freezing Cloud           Conj/Ice/Air   0%         6-21      100%        5
 Dispersal                Tloc           0%         N/A       100%        6
 Gell's Gavotte           Tloc           0%         2d(11-16) 100%        6
 Fire Storm               Conj/Fire      0%         5d1       100%        9


Dungeon Overview and Level Annotations

Branches:
Dungeon (5/15)             Temple (1/1) D:4

Altars:
Cheibriados
Dithmenos
Elyvilon
Fedhas
Gozag
Hepliaklqana
Kikubaaqudgha
Nemelex Xobeh
Okawaru
Sif Muna
Trog
Wu Jian
Xom
Yredelemnul
The Shining One

Shops:
D:1 ?   D:4 *


Innate Abilities, Weirdness & Mutations

Your spellcasting is much less encumbered by armour.
You can use scrolls of enchantment on lesser artefacts.


Message History

Done exploring.
There is a stone staircase leading down here.
You climb downwards.
The gnoll shouts! x3
Found 9 gold pieces and a scroll labelled HIRAYR WOFUSTRAT.
There is a stone staircase leading up here.
There are monsters nearby!
You climb upwards.
There is a stone staircase leading down here.
There is a stone staircase leading up here.
You see here the felid skeleton of Natasha.
There is a stone staircase leading down here.
You climb downwards.
The orc shouts! x4; The iguana hisses angrily.
The shadow imp shouts!
You hear an angry hiss.
Found a scroll labelled NIAHEE UROCZYR.
Found a stone staircase leading up and a stone staircase leading down.
There is a stone staircase leading up here.
An adder comes into view.
The shadow imp summons a swarm of flies.
You climb upwards.
There is a stone staircase leading down here.
There is a stone staircase leading up here.
There is a stone staircase leading down here.
You climb downwards.
The gnoll shouts! x2
The gnoll hits you from afar with a +0 halberd.
The gnoll hits you but does no damage. The gnoll barely misses you.
There is a stone staircase leading up here.
The gnoll barely misses you.
The gnoll hits you with a +2 heavy halberd!
The gnoll hits you with a +0 halberd!
The gnoll hits you with a +3 whip of freezing.
The gnoll freezes you.
You barely miss the gnoll. You closely miss the gnoll.
You barely miss the gnoll. The gnoll barely misses you.
The gnoll hits you with a +2 heavy halberd!!
* * * LOW HITPOINT WARNING * * *
The gnoll hits you with a +3 whip of freezing.
You die...

#.......#
#.......#
#.......#
##.......#
#........#
.....?...#
......gg.#
#.....@.#
#$...g<.#
#.......#
......####
.#.### ..
.
.........


You could see 3 gnolls.

Vanquished Creatures
  An ice beast (D:4)
  An ogre (D:4)
  A bullfrog (D:3)
  A scorpion (D:3)
  An orc priest (D:4)
  An orc wizard (D:4)
  Natasha (thrice) (D:4)
  9 adders
  A ribbon worm (D:3)
  A dart slug (D:1)
  4 orcs (D:4)
  8 endoplasms
  A giant cockroach (D:4)
  13 goblins
  7 hobgoblins
  5 jackals
  3 quokkas
  4 ball pythons
  5 bats
  4 frilled lizards
  2 kobolds (D:1)
  3 rats
79 creatures vanquished.

Notes
Turn   | Place    | Note
-------+----------+-------------------------------------------
     0 | D:1      | ratmagoo the Mountain Dwarf Fighter began the quest for the
                  | Orb.
     0 | D:1      | Reached XP level 1. HP: 19/19 MP: 1/1
   125 | D:1      | Reached skill level 3 in Axes
   198 | D:1      | Reached XP level 2. HP: 26/26 MP: 2/2
   435 | D:1      | Found Kuz Sad's Magic Scroll Emporium.
   609 | D:2      | Reached skill level 4 in Axes
   947 | D:2      | Reached XP level 3. HP: 23/31 MP: 3/3
  1066 | D:2      | Reached skill level 5 in Axes
  1222 | D:2      | Found a faded altar of an unknown god.
  1389 | D:2      | Reached XP level 4. HP: 38/38 MP: 4/4
  1584 | D:3      | Noticed a bullfrog
  1588 | D:3      | Killed a bullfrog
  1589 | D:3      | Reached skill level 6 in Axes
  1589 | D:3      | Reached XP level 5. HP: 34/45 MP: 5/5
  2536 | D:4      | Noticed an ice beast
  2634 | D:4      | Found a staircase to the Ecumenical Temple.
  2654 | Temple   | Entered the Ecumenical Temple
  2808 | D:4      | Reached skill level 7 in Axes
  2823 | D:4      | Noticed an ogre
  3043 | D:4      | Noticed Natasha
  3146 | D:4      | Identified 3 scrolls of acquirement
  3146 | D:4      | Acquired a manual of Axes
  3154 | D:4      | Acquired a +2 executioner's axe of venom
  3156 | D:4      | Acquired a manual of Summonings
  3229 | D:4      | Killed Natasha
  3230 | D:4      | Reached skill level 1 in Summonings
  3230 | D:4      | Reached XP level 6. HP: 39/51 MP: 6/6
  3263 | D:4      | Found an iron altar of Okawaru.
  3403 | D:4      | Got the Opusculum on Embers and Subspace
  3466 | D:4      | Reached skill level 8 in Axes
  3606 | D:4      | Noticed Natasha
  3610 | D:4      | Killed Natasha
  3638 | D:4      | Found Cyzxaj's Elemental Accessories.
  3887 | D:4      | Killed an ice beast
  3888 | D:4      | Reached skill level 9 in Axes
  3888 | D:4      | Reached XP level 7. HP: 47/57 MP: 7/7
  4135 | D:4      | Noticed Natasha
  4147 | D:4      | Killed Natasha
  4167 | D:5      | Entered Level 5 of the Dungeon
  4238 | D:5      | HP: 2/57 [gnoll/+2 heavy halberd (19)]
  4238 | D:5      | Slain by a gnoll

Illustrated notes

Levels and vault maps discovered:
D:1:      dpeg_arrival_simpleton_c, layout_loops_ring, serial_shops, shop
D:2:      layout_loops_cross, shapermc_ecumenical_altar_pompeii,
          serial_aquarium, aquarium_bridge_straight [aquarium_subvault_bridge,
          aquarium_subvault_window, aquarium_subvault_bridge,
          aquarium_subvault_balcony], aquarium_bridge_square
          [aquarium_subvault_bridge, aquarium_subvault_window,
          aquarium_subvault_bridge, aquarium_subvault_bridge],
          aquarium_window_fake, aquarium_window_1, aquarium_window_1,
          aquarium_window_fake, aquarium_view_2g, aquarium_pool_2
D:3:      kennysheep_goblin_castle, layout_basic
D:4:      layout_basic, kennysheep_okawaru_gauntlet, minmay_temple_entry_trees,
          nicolae_elemental_shop, uniq_natasha
D:5:      layout_rooms, mainiacjoe_overflow_brackets
Temple:   nicolae_temple_superstar

Skill      XL: |  1  2  3  4  5  6 |
---------------+-------------------+-----
Axes           | 3 4 5 6 7 9 |  9.4
Summonings     | 1 4 |  4.6
Fighting       | |  3.2
Armour         | |  3.2
Shields        | |  3.2

Action                     |  1- 3 |  4- 6 |  7- 9 || total
---------------------------+-------+-------+-------++-------
  Melee: War axe           |   119 |   120 |       ||   239
         Executioner's axe |       |    25 |     5 ||    30
   Fire: Sling             |       |     9 |       ||     9
    Use: Potion            |     2 |     1 |       ||     3
         Scroll            |       |    12 |       ||    12
 Armour: Scale mail        |    90 |   157 |     9 ||   256
  Dodge: Dodged            |    57 |    75 |     6 ||   138
  Block: Buckler           |    27 |    27 |       ||    54

Table legend: (Time is in decaauts)
 A = Elapsed time spent in this place.
 B = Non-inter-level travel time spent in this place.
 C = Inter-level travel time spent in this place.
 D = Time resting spent in this place.
 E = Time spent auto-exploring this place.
 F = Levels seen in this place.
 G = Mean time per level.
                   A        B        C        D        E       F      G
               +--------+--------+--------+--------+--------+-----+--------+
         Total |   4330 |   4047 |    283 |      0 |   2763 |   6 |  721.7 |
       Dungeon |   4197 |   3931 |    266 |      0 |   2763 |   5 |  839.4 |
        Temple |    132 |    115 |     17 |      0 |      0 |   1 |  132.0 |
               +--------+--------+--------+--------+--------+-----+--------+

Top non-repeatable levels by time:
     D:4: 1349 daAuts
     D:3: 1244 daAuts
     D:2: 989 daAuts
     D:1: 601 daAuts
  Temple: 132 daAuts
     D:5: 13 daAuts
